 Dungeon Crawl Stone Soup version 0.23.2-1-ga50397a6bc (webtiles) character file.

Game seed: 9067477117522870364

2109 Gargoyl the Skirmisher (level 9, -6/75 HPs)
             Began as a Centaur Abyssal Knight on May 16, 2019.
             Was a Priest of Lugonu.
             Mangled by a two-headed ogre
             ... wielding a +0 giant club
              (8 damage)
             ... on level 8 of the Dungeon.
             The game lasted 00:13:24 (8240 turns).

Gargoyl the Skirmisher (Centaur Abyssal Knight)     Turns: 8240, Time: 00:13:25

Health: -6/75      AC: 18    Str: 15    XL:     9   Next: 7%
Magic:  11/12      EV:  1    Int: 11    God:    Lugonu [***...]
Gold:   289        SH:  0    Dex: 12    Spells: 8/8 levels left

rFire    . . .     SeeInvis .   C - +5 battleaxe
rCold    . . .     Gourm    .   (shield currently unavailable)
rNeg     . . .     Faith    .   m - +1 plate armour
rPois    +         Spirit   .   b - +0 helmet
rElec    .         Reflect  +   (no cloak)
rCorr    .         Harm     .   h - +0 pair of gloves
MR       .....                  u - +0 centaur barding
Stlth    ..........             k - +2 amulet of reflection
HPRegen  0.22/turn              o - ring of poison resistance
MPRegen  0.13/turn              v - ring of flight

@: held, very quick
A: large, hooves 3, deformed body, speed 2, tough skin 3
a: Depart the Abyss, Bend Space, Banish, Renounce Religion, Evoke Flight


You were on level 8 of the Dungeon.
You worshipped Lugonu.
Lugonu was most pleased with you.
You were not hungry.

You visited 1 branch of the dungeon, and saw 8 of its levels.
You visited the Abyss 1 time.

You collected 379 gold pieces.
You spent 90 gold pieces at shops.

Inventory:

Hand Weapons
 a - a +1 hand axe
 f - a +0 war axe
 C - a +5 battleaxe (weapon)
Missiles
 E - 6 javelins (quivered)
Armour
 b - a +0 helmet (worn)
 h - a +0 pair of gloves (worn)
 m - a +1 plate armour (worn)
 u - a +0 centaur barding (worn)
Jewellery
 k - a +2 amulet of reflection (around neck)
 o - a ring of poison resistance (left hand)
 v - a ring of flight (right hand)
Wands
 y - a wand of disintegration (11)
Scrolls
 d - 2 scrolls of identify
 j - 4 scrolls of remove curse
 n - a scroll of fog
 w - 3 scrolls of teleportation
 x - 3 scrolls of blinking
 D - a scroll of immolation {unknown}
Potions
 e - 2 potions of flight
 g - 2 potions of lignification
 i - a potion of invisibility
 l - 2 potions of haste
 p - 2 potions of heal wounds
 q - 2 potions of might {unknown}
 r - a potion of brilliance {unknown}
 s - 2 potions of mutation {unknown}
 t - 2 potions of degeneration {unknown}
 z - 4 potions of curing {unknown}
 B - a potion of cancellation {unknown}
Comestibles
 c - 10 rations


   Skills:
 + Level 6.2 Fighting
 + Level 5.7 Axes
 * Level 4.9 Armour
 * Level 3.2 Dodging
 * Level 5.0 Invocations


You had 8 spell levels left.
You didn't know any spells.
Your spell library contained the following spells:

 Spells                   Type           Power        Failure   Level  Hunger
 Magic Dart               Conj           #...         100%        1    ##.....
 Blink                    Tloc           N/A          100%        2    ###....
 Call Imp                 Summ           #.......     100%        2    ###....
 Slow                     Hex            #.......     100%        2    ###....
 Conjure Flame            Conj/Fire      #.......     100%        3    ####...
 Mephitic Cloud           Conj/Pois/Air  #.......     100%        3    ####...


Dungeon Overview and Level Annotations

Branches:
Dungeon (8/15)             Temple (0/1) D:6
   Lair: D:8-11

Altars:
Cheibriados
Fedhas
Okawaru
Qazlal
Ru
Sif Muna
Vehumet
Xom
Yredelemnul

Shops:
D:6 *   D:8 [


Innate Abilities, Weirdness & Mutations

You have hooves in place of feet.
Armour fits poorly on your strangely shaped body.
You cover ground very quickly.
You have extremely tough skin. (AC +3)


Message History

You become entangled in the net!
Found a stone staircase leading up.
You see here a throwing net.
You tear a large gash into the net.
You struggle against the net.
Unknown command.
Space bends around you!
You blink.
The gnoll throws a throwing net.
The throwing net hits you.
You become entangled in the net!
The two-headed ogre hits you with a +0 giant club!
* * * LOW HITPOINT WARNING * * *
The two-headed ogre hits you with a +0 giant spiked club!
* * * LOW HITPOINT WARNING * * *
You see here a throwing net.
You feel much better.
You tear a large gash into the net.
The two-headed ogre hits you with a +0 giant club!!
* * * LOW HITPOINT WARNING * * *
The two-headed ogre hits you with a +0 giant spiked club!
You die...

##########.........##
#........#..........#
#........#..........#
##........#..........#
..........#.........##
..........#######...#
................#...+
........O.......#...#
.....g.gg@......#...#
....####+#.....#+...#
.# ...<
#....(.....##...# ...
#...#.∩.#..'....# ..
#..........#....#
#.....#....# ...#
#......#...# ###
#......#...#
#......#...#


You could see a two-headed ogre and 3 gnolls.

Vanquished Creatures
  A hydra zombie (Abyss:1)
  A hungry ghost (D:6)
  Duvessa (D:4)
  An orc warrior (D:7)
  A sky beast (D:7)
  An ogre (D:4)
  A centaur (D:6)
  Dowan (D:4)
  6 killer bees
  5 wights (D:6)
  A crimson imp (D:5)
  2 bullfrog zombies
  2 jellies
  A hound (D:6)
  2 orc priests
  4 orc wizards
  5 worker ants
  2 worker ant zombies
  4 gnolls (D:3)
  7 adders
  2 oozes
  An adder skeleton (D:6)
  3 worms
  3 dart slugs
  3 leopard geckos
  15 orcs
  A ball python (D:1)
  11 giant cockroaches
  7 goblins
  8 hobgoblins
  2 jackals (D:7)
  2 kobolds
  3 quokkas
  3 bats
  4 frilled lizards
  2 rats
119 creatures vanquished.

Vanquished Creatures (collateral kills)
  A water moccasin zombie (D:8)
  A shadow imp (D:8)
  An adder skeleton (D:8)
3 creatures vanquished.

Vanquished Creatures (others)
  An orc warrior (D:7)
1 creature vanquished.

Grand Total: 123 creatures vanquished

Notes
Turn   | Place    | Note
-------+----------+-------------------------------------------
     0 | Abyss:1  | Gargoyl the Centaur Abyssal Knight began the quest for the
                  | Orb.
     0 | Abyss:1  | Reached XP level 1. HP: 19/19 MP: 2/2
    61 | Abyss:1  | Noticed a six-headed hydra zombie
    73 | Abyss:1  | Killed a one-headed hydra zombie
    73 | Abyss:1  | Reached skill level 5 in Fighting
    73 | Abyss:1  | Reached skill level 1 in Dodging
    73 | Abyss:1  | Reached XP level 2. HP: 6/29 MP: 3/3
    73 | Abyss:1  | Reached XP level 3. HP: 7/36 MP: 4/4
    73 | Abyss:1  | Reached XP level 4. HP: 9/42 MP: 5/5
    73 | Abyss:1  | Reached XP level 5. HP: 10/48 MP: 6/6
   142 | Abyss:1  | Noticed a ynoxinul
   176 | Abyss:1  | Noticed a profane servitor
   177 | D:1      | Escaped the Abyss
   616 | D:1      | Reached * piety under Lugonu
  1036 | D:2      | Found a radiant altar of Vehumet.
  1096 | D:2      | Found a blossoming altar of Fedhas.
  1297 | D:2      | Reached XP level 6. HP: 50/56 MP: 8/8
  1656 | D:2      | Found a deep blue altar of Sif Muna.
  1904 | D:3      | Reached ** piety under Lugonu
  2129 | D:3      | Found a sacrificial altar of Ru.
  2255 | D:3      | Found a stormy altar of Qazlal.
  2257 | D:3      | Noticed a fire elemental
  2257 | D:3      | Noticed an air elemental
  2258 | D:3      | Noticed a water elemental
  3136 | D:4      | Reached XP level 7. HP: 56/61 MP: 9/9
  3454 | D:4      | Found a shimmering altar of Xom.
  3455 | D:4      | Found a blossoming altar of Fedhas.
  3503 | D:4      | Noticed Duvessa
  3503 | D:4      | Noticed Dowan
  3525 | D:4      | Killed Duvessa
  3530 | D:4      | Killed Dowan
  3701 | D:5      | Entered Level 5 of the Dungeon
  3741 | D:5      | Found an iron altar of Okawaru.
  3810 | D:5      | Found a snail-covered altar of Cheibriados.
  3845 | D:5      | Found a basalt altar of Yredelemnul.
  4494 | D:6      | Found Bostaceg's General Store.
  4497 | D:6      | Bought a scroll of blinking for 90 gold pieces
  4557 | D:6      | Reached XP level 8. HP: 57/70 MP: 11/11
  4665 | D:6      | Reached skill level 5 in Axes
  5022 | D:6      | Found a staircase to the Ecumenical Temple.
  5644 | D:7      | Reached *** piety under Lugonu
  6629 | D:6      | Reached skill level 6 in Fighting
  7537 | D:7      | Reached XP level 9. HP: 38/75 MP: 12/12
  7915 | D:7      | Reached skill level 5 in Invocations
  8185 | D:8      | Found Gosijaz's Antique Armour Emporium.
  8213 | D:8      | Noticed a two-headed ogre
  8238 | D:8      | HP: 2/75 [two-headed ogre/+0 giant club (11)]
  8240 | D:8      | Mangled by a two-headed ogre

Skill      XL: |  1  2  3  4  5  6  7  8  9 |
---------------+----------------------------+-----
Fighting       | 5 6 |  6.2
Axes           | 2 3 4 5 |  5.7
Armour         | 2 3 4 |  4.9
Dodging        | 1 2 3 |  3.2
Invocations    | 3 4 5 |  5.0

Action                   |  1- 3 |  4- 6 |  7- 9 || total
-------------------------+-------+-------+-------++-------
Melee: Hand axe          |     7 |   219 |   348 ||   574
       Kick              |       |    38 |    82 ||   120
       Battleaxe         |       |       |    23 ||    23
Throw: Javelin           |       |       |     1 ||     1
Invok: Depart the Abyss  |       |     1 |       ||     1
       Bend Space        |       |       |     2 ||     2
       Banish            |       |       |     1 ||     1
  Use: Scroll            |     1 |    11 |     2 ||    14
       Potion            |     1 |       |     1 ||     2
  Eat: Chunk             |       |     5 |     9 ||    14
       Ration            |       |       |     7 ||     7
Armor: Skin              |    10 |       |       ||    10
       Ring mail         |       |    29 |       ||    29
       Leather armour    |       |     7 |       ||     7
       Plate armour      |       |   131 |   411 ||   542
Dodge: Dodged            |     1 |    47 |    16 ||    64
Block: Other             |       |     9 |    20 ||    29
